 Dungeon Crawl Stone Soup version 0.28-b1-25-g9875b3fc8c (webtiles) character file.

Game seed: 4924605640848181249

323 croobank the Cutter (level 6, -1/44 HPs)
             Began as a Vampire Artificer on Feb 1, 2022.
             Was an Initiate of Ashenzari.
             Succumbed to a water moccasin's poison
             ... on level 6 of the Dungeon.
             The game lasted 00:15:41 (3587 turns).

croobank the Cutter (Vampire Artificer)             Turns: 3587, Time: 00:15:41

Health: -1/44      AC:  7    Str: 12 (13) XL:     6   Next: 23%
Magic:  6/6        EV: 12    Int: 11 (14) God:    Ashenzari [......]
Gold:   167        SH:  0    Dex: 11 (14) Spells: 5/5 levels left

rFire   . . .      SeeInvis +   a - +1 dagger of the Shackled Pleiades {vamp, Evo, Self} (curse)
rCold   . . .      Faith    .   (no shield)
rNeg    . . .      Spirit   .   m - +3 leather armour
rPois   .          Reflect  .   (no helmet)
rElec   .          Harm     .   (no cloak)
rCorr   .          Rampage  .   (no gloves)
Will    .....                   h - +0 pair of boots
Stlth   ++........              (no amulet)
HPRegen 0.34/turn               (no ring)
MPRegen 0.10/turn               (no ring)

@: lethally poisoned (-1 -> -13), healing quickly
A: alive, fangs 3, see invisible, vampiric 2, sturdy frame 1
a: Exsanguinate, Renounce Religion, Shatter the Chains


You were on level 6 of the Dungeon.
You worshipped Ashenzari.
Ashenzari was noncommittal.
You visited 1 branch of the dungeon, and saw 6 of its levels.

You collected 167 gold pieces.

Inventory:

Hand Weapons
 a - the cursed +1 dagger of the Shackled Pleiades (weapon) {vamp, Evo, Self}
   (You took it off a kobold on level 3 of the Dungeon)

   It occasionally heals its wielder for a portion of the damage dealt when it
   wounds a living foe.
   It has a curse which improves the following skills: Evocations: Evocations.
   Introspection: Fighting and Spellcasting.
Missiles
 g - 49 arrows
 j - 147 stones
 k - 13 poisoned darts
 l - 50 sling bullets
Armour
 b - a +0 leather armour
 f - a +0 chain mail
 h - a +0 pair of boots (worn)
 i - a +0 ring mail
 m - a +3 leather armour (worn)
Magical Staves
 p - a staff of conjuration
Wands
 d - a wand of charming (7)
Scrolls
 n - a scroll of immolation
 s - a scroll of teleportation {unknown}
Miscellaneous
 e - a piece from Xom's chessboard (15/15)


   Skills:
 + Level 1.6(2.0) Fighting
 * Level 3.5 Short Blades
 + Level 3.2 Armour
 + Level 3.1 Dodging
 + Level 1.9 Stealth
 + Level 3.2(3.6) Evocations


You had 5 spell levels left.
You didn't know any spells.
Your spell library was empty.

Dungeon Overview and Level Annotations

Branches:
Dungeon (6/15)
 Temple: D:4-7

Altars:
Ashenzari
Cheibriados
Elyvilon
Fedhas
Hepliaklqana
Nemelex Xobeh
Uskayaw

Annotations:
D:2 Sigmund
D:4 1 runed translucent door, Crazy Yiuf


Innate Abilities, Weirdness & Mutations

Your natural rate of healing is accelerated.
You have razor-sharp teeth.
You have supernaturally acute eyesight. (SInv)
You are afflicted with vampirism and can become a bat while bloodless.
Your movements are slightly less encumbered by armour. (ER -2)


Message History

The water moccasin bites you.
You are poisoned.
The water moccasin poisons you!
You hit the water moccasin.
You feel better.
The water moccasin is lightly wounded.
You feel very sick. The water moccasin bites you.
You hit the water moccasin but do no damage.
Your bite misses the water moccasin.
The water moccasin is lightly wounded.
You feel very sick. The water moccasin bites you.
You are more poisoned.
The water moccasin poisons you!
The water moccasin bites you but does no damage.
You hit the water moccasin but do no damage.
The water moccasin is lightly wounded.
You feel very sick. The water moccasin bites you!
Aiming: Charm
Press: ? - help, Shift-Dir - straight line, f/p - water moccasin
Aim: a water moccasin (lightly wounded, chance to affect: 58%)
The water moccasin resists with significant effort.
* * * LOW HITPOINT WARNING * * *
You feel very sick. The water moccasin bites you.
* * * LOW HITPOINT WARNING * * *
Aiming: Charm
Press: ? - help, Shift-Dir - straight line, f/p - water moccasin
Aim: a water moccasin (lightly wounded, chance to affect: 58%)
The water moccasin resists with significant effort.
* * * LOW HITPOINT WARNING * * *
You feel very sick. The water moccasin barely misses you.
The water moccasin closely misses you.
You aren't carrying any potions.
Okay, then.
As you read the scroll labelled JYACATHOTSI, it crumbles to dust.
You assume a fearsome visage.
The water moccasin looks frightened!
It was a scroll of fear.
You die...

###.## #....# .##
.##...#....# . ..
...S.#....## .##.#
#... #....$# ....
#..###.....#
#..##...##.....#####
#...#.#..#..........
#.....#.#.S@.####
#####........#### ##
#.........##..###
...
#.........##....#..#
#.................#
#.[............#..#
#..............##.#
#..............# ...
#...............# ##


You could see a water moccasin (fleeing).

Vanquished Creatures
  An orc warrior (D:3)
  An orc priest (D:4)
  A hound (D:5)
  Jessica (D:3)
  An iguana (D:4)
  A hound zombie (D:5)
  Robin (D:3)
  A worm (D:3)
  2 dart slugs
  6 orcs
  5 ball pythons
  7 endoplasms
  3 giant cockroaches (D:1)
  12 goblins
  7 hobgoblins
  4 jackals (D:1)
  7 kobolds
  A quokka (D:3)
  3 bats
  3 frilled lizards
  A rat (D:3)
69 creatures vanquished.

Vanquished Creatures (collateral kills)
  An orc wizard (D:4)
1 creature vanquished.

Vanquished Creatures (others)
  A scorpion (D:5)
1 creature vanquished.

Grand Total: 71 creatures vanquished

Notes
Turn   | Place    | Note
-------+----------+-------------------------------------------
     0 | D:1      | croobank the Vampire Artificer began the quest for the Orb.
     0 | D:1      | Reached XP level 1. HP: 14/14 MP: 1/1
    61 | D:1      | Reached XP level 2. HP: 5/20 MP: 2/2
   527 | D:1      | Reached skill level 1 in Armour
   571 | D:1      | Gained mutation: You are afflicted with vampirism and can
                  | become a bat while bloodless. [Vampire growth]
   571 | D:1      | Reached XP level 3. HP: 25/25 MP: 3/3
  1202 | D:2      | Reached skill level 1 in Fighting
  1268 | D:2      | Noticed Sigmund
  1551 | D:3      | Found a broken altar of Ashenzari.
  1558 | D:3      | Became a worshipper of Ashenzari the Shackled
  1605 | D:3      | Reached skill level 1 in Short Blades
  1693 | D:3      | Found a faded altar of an unknown god.
  1763 | D:3      | Found a snail-covered altar of Cheibriados.
  1823 | D:3      | Noticed Robin
  1857 | D:3      | Reached XP level 4. HP: 32/32 MP: 4/4
  1876 | D:3      | Killed Robin
  1986 | D:3      | Found a hazy altar of Hepliaklqana.
  2109 | D:3      | Noticed Jessica
  2118 | D:3      | Killed Jessica
  2416 | D:4      | Reached XP level 5. HP: 5/38 MP: 5/5
  2766 | D:4      | Found a sparkling altar of Nemelex Xobeh.
  2783 | D:4      | Noticed a +0 dagger
  2783 | D:4      | Noticed a +0 dagger
  2783 | D:4      | Noticed a +0 spear
  2783 | D:4      | Noticed a +0 short sword
  2784 | D:4      | Noticed a +0 spear
  2785 | D:4      | Noticed a +0 falchion
  2785 | D:4      | Noticed a +0 falchion
  2786 | D:4      | Noticed a +0 short sword
  2816 | D:4      | Found a hide-covered altar of Uskayaw.
  2830 | D:4      | Noticed an orc warrior
  2876 | D:3      | Killed an orc warrior
  3019 | D:4      | Found a runed translucent door.
  3020 | D:4      | Noticed Crazy Yiuf
  3076 | D:4      | Found a blossoming altar of Fedhas.
  3241 | D:5      | Entered Level 5 of the Dungeon
  3242 | D:5      | Noticed an ogre
  3405 | D:5      | Reached XP level 6. HP: 41/44 MP: 6/6
  3500 | D:5      | HP: 2/44 [scorpion (8)]
  3503 | D:5      | Gained mutation: Your movements are slightly less
                  | encumbered by armour. (ER -2) [potion of mutation]
  3571 | D:6      | Noticed a water moccasin
  3586 | D:6      | HP: 2/44 [poisoned by a water moccasin]
  3587 | D:6      | Succumbed to a water moccasin's poison

Illustrated notes

Levels and vault maps discovered:
D:1:      matt_arrival_refuge, layout_loops_ring, hangedman_decor_lopped
D:2:      layout_basic, uniq_sigmund
D:3:      layout_rooms, nzn_hepliaklqana_mist_gate, cheibrodos_ashenzari_chains,
          grunt_temple_overflow_open, dilly_ecumenical_altar_fadedgnrine,
          moated_statue, kennysheep_generic_room_15, uniq_robin, uniq_jessica
D:4:      layout_loops_ring, nemelex_spade_bored_becter, lemuel_tele_altar,
          nicolae_uskayaw_en_pointe, moated_statue, uniq_crazy_yiuf_cottage
D:5:      layout_basic, mainiacjoe_overflow_large_starburst
D:6:      layout_rooms, lemuel_coloured_pillars_altar, kennysheep_mini,
          uniq_pikel, uniq_menkaure, uniq_eustachio, uniq_edmund

Skill      XL: |  1  2  3  4  5 |
---------------+----------------+-----
Evocations     | 3 |  3.2
Armour         | 1 2 3 |  3.2
Dodging        | 3 |  3.1
Fighting       | 1 |  1.6
Short Blades   | 1 2 3 |  3.5
Stealth        | |  1.9

Action                   |  1- 3 |  4- 6 || total
-------------------------+-------+-------++-------
Melee: Club              |    21 |       ||    21
       Bite              |    19 |    10 ||    29
       Dagger            |   148 |   124 ||   272
       Punch             |     2 |     3 ||     5
Invok: Curse Item        |       |     1 ||     1
Evoke: Wand              |     8 |    15 ||    23
  Use: Scroll            |       |     3 ||     3
       Potion            |       |     6 ||     6
 Stab: Sleeping          |     3 |       ||     3
Armor: Leather armour    |    29 |     1 ||    30
       Ring mail         |    39 |    24 ||    63
Dodge: Dodged            |   118 |    66 ||   184
